AoeStats
← P4NDY

Pilgrims

508344860Analyzed
2v2 RM · 11d ago on Sep 22, 2026· 45m 9s· 4 players
Game mode
Random Map
Map size
Medium (4 player)
Population
200
Speed
Normal
Resources
Standard
Victory
Conquest
Starting age
Dark Age
Ending age
Imperial Age
RankedLock teamsTeams togetherTeam positionsShared explorationLock speedFull tech treeHidden civsTurbo modeCheats
Victory
Defeat
🇨🇱 Chinese · Chile
481
+15
🇨🇱 Teutons · Chile
432
+17
🇨🇴 Vikings · Colombia
490
-17
🇨🇴 Portuguese · Colombia
439
-15
1bala
5:49 Loom
20:41 Feudal Age
20:43 Man-at-Arms
22:17 Wheelbarrow
21:36 Gold Mining
21:40 Double-Bit Axe
21:53 Stone Mining
22:23 Town Watch
23:03 Fishing Lines
27:34 Castle Age
28:44 Forging
28:35 Scale Mail Armor
28:40 Scale Barding Armor
30:09 Husbandry
30:21 Bloodlines
29:35 Pikeman
30:52 Bow Saw
31:01 Hand Cart
30:56 Gillnets
31:20 Horse Collar
33:18 Town Patrol
34:10 Iron Casting
33:50 Chain Mail Armor
33:55 Chain Barding Armor
42:19 Imperial Age
43:20 Heavy Rocket Cart
44:55 Cavalier
'QUILAQUEO-SAMA!
13:46 Feudal Age
19:24 Scale Mail Armor
19:35 Forging
20:03 Wheelbarrow
20:32 Horse Collar
21:35 Gold Mining
21:46 Man-at-Arms
29:10 Castle Age
33:24 Stone Mining
33:21 Gambesons
32:56 Long Swordsman
33:37 Squires
35:32 Bloodlines
36:17 Chain Mail Armor
36:08 Scale Barding Armor
36:38 Iron Casting
37:11 Hand Cart
36:49 Fishing Lines
39:53 Town Watch
40:29 Medium Warships
39:42 Demolition Ship
44:45 Pikeman
45:27 Heavy Plow
medusak61
6:31 Loom
27:26 Feudal Age
27:59 Town Watch
28:05 Arson
27:42 Man-at-Arms
28:31 Fishing Lines
30:54 Gold Mining
36:09 Forging
36:00 Scale Mail Armor
36:06 Scale Barding Armor
36:03 Padded Archer Armor
35:54 Fletching
41:58 Castle Age
P4NDY
15:24 Feudal Age
19:28 Man-at-Arms
19:54 Arson
22:23 Wheelbarrow
22:56 Horse Collar
27:26 Castle Age
28:04 Bloodlines
27:40 Light Cavalry
28:22 Husbandry
28:21 Gambesons
27:57 Long Swordsman
29:04 Hand Cart
28:53 Heavy Plow
28:21 Elite Skirmisher
30:04 Gold Mining
30:04 Stone Mining
31:11 Pikeman
33:24 Double-Bit Axe
41:26 Circumnavigation
Connection lost

Rejoining the realm…

Still unreachable

The connection could not be restored.

Session expired

The server has moved on; the page needs a fresh start.